Map: [ESL] Babylon

Players

Cow (PiG)

  • Race: Terran Terran
  • League: Grandmaster
  • Spawn Location: 5:00

Relm - Winner!

  • Race: Protoss Protoss
  • League: Gold
  • Spawn Location: 11:00

VOD

https://www.youtube.com/playlist?list=PLOrKQEirgvjBrkg_LERyoNc_WYX2C2tgI

Description

Time

  • Played on: July 18, 2023, 9:43 p.m.
  • Length: 2:38
Show
View Real Time Build Order
Export as new Build Order

Cow Terran 

Build Orders:  

Get SALT Encoding   

  12  0:01  SCV  
  13  0:14  SCV  
  14  0:19  Supply Depot  
  14  0:26  SCV  
  15  0:41  SCV  
  16  0:43  Barracks  
  16  0:47  Refinery  
  16  0:53  SCV  
  17  1:15  SCV  
  18  1:27  SCV  
  19  1:36  Marine  
  19  1:39  SCV  
  21  1:51  SCV  
  22  1:54  Marine  
  23  2:02  Supply Depot  
  23  2:08  Orbital Command  
  23  2:24  Barracks Reactor  
  23  2:34  Command Center  
Show
View Real Time Build Order
Export as new Build Order

Relm Protoss - Winner!

Build Orders:  

Get SALT Encoding   

  12  0:00  Probe  
  13  0:15  Pylon  
  13  0:18  Probe  
  14  0:42  Probe (Chrono Boost)  
  15  0:48  Forge  
  15  0:54  Probe (Chrono Boost)  
  16  0:59  Pylon  
  16  1:22  Photon Cannon  
  15  1:47  Gateway  
  15  1:57  Probe  
  16  2:09  Probe  
Tags
 
Add a new tag
Caveats
  • Supply blocks, unpowered buildings, or Contaminate may cause inaccurate times.
  • Supply counts are checked every 10 seconds.